 Dungeon Crawl Stone Soup version 0.31-a0-640-g39d97e502b (webtiles) character file.

Game seed: 15267579675416828797

81 qw the Shooter (level 4, -4/28 HPs)
             Began as a Gargoyle Hunter on Aug 27, 2023.
             Slain by Grinder (8 damage)
             ... on level 3 of the Dungeon.
             The game lasted 00:00:40 (1660 turns).

qw the Shooter (Gargoyle Hunter)                    Turns: 1660, Time: 00:00:40

Health: -4/28      AC:  9    Str: 11 (14) XL:     4   Next: 40%
Magic:  4/4        EV: 11    Int:  7 (10) God:
Gold:   97         SH:  0    Dex: 13 (15) Spells: 3/3 levels left

rFire   . . .        Y - +0 shortbow
rCold   . . .        (shield currently unavailable)
rNeg    + . .        c - +0 leather armour
rPois   inf          (no helmet)
rElec   +            b - +0 cloak
rCorr   .            (no gloves)
SInv    .            (no boots)
Will    .....        (no amulet)
Stlth   +            (no ring)
HPRegen 0.24/turn    (no ring)
MPRegen 0.09/turn

%: no passive effects
@: no status effects
A: sickness immunity, AC +3, negative energy resistance 1, electricity
resistance, torment resistance 1, petrification resistance, iridescent scales 1
a: no special abilities


You were on level 3 of the Dungeon.
You visited 1 branch of the dungeon, and saw 3 of its levels.

You collected 97 gold pieces.


Innate Abilities, Weirdness & Mutations

You are immune to sickness and miasma.
Your stone body is resilient. (AC +3)
You are immune to poison.
You resist negative energy. (rN+)
You are resistant to electric shocks. (rElec)
You are resistant to unholy torment.
You are immune to petrification.
You are partially covered in iridescent scales. (AC +2)


   Skills:
 - Level 3.0 Fighting
 + Level 5.4 Ranged Weapons
 - Level 1.5 Dodging
 - Level 1.1 Stealth


You had 3 spell levels left.
You didn't know any spells.
Your spell library was empty.

Inventory:

Hand Weapons
 Y - a +0 shortbow (weapon)
Armour
 b - a +0 cloak (worn)
 c - a +0 leather armour (worn)
Scrolls
 a - a scroll of teleportation
 f - a scroll of identify
Potions
 e - a potion of mutation
 h - a potion of attraction {unknown}
 i - a potion of magic {unknown}

Dungeon Overview and Level Annotations

Branches:
Dungeon (3/15)

Altars:

Annotations:
D:3 Grinder


Message History

You shoot an arrow. The arrow closely misses Grinder.
You shoot an arrow. The arrow hits Grinder.
Grinder is moderately wounded.
Grinder hits you.
You shoot an arrow. The arrow completely misses Grinder.
Grinder hits you.
You writhe in agony.
Grinder gestures at you.
You suddenly lose the ability to move!
Grinder hits you. Grinder gestures at you. You resist with significant effort.
Grinder completely misses you.
You can move again.
You shoot an arrow. The arrow hits Grinder.
Grinder is heavily wounded.
Grinder hits you but does no damage.
You shoot an arrow. The arrow completely misses Grinder.
Grinder gestures at you.
You suddenly lose the ability to move!
Grinder hits you!
You writhe in agony.
Grinder gestures at you. You resist with significant effort.
Grinder hits you but does no damage.
You can move again.
You shoot an arrow. The arrow completely misses Grinder.
Grinder hits you but does no damage.
You shoot an arrow. The arrow closely misses Grinder.
Grinder gestures at you. You resist with significant effort.
You shoot an arrow.
The arrow hits Grinder but does no damage.
Grinder is heavily wounded.
Grinder says, "FISH!"
Grinder barely misses you.
You shoot an arrow. The arrow hits Grinder.
Grinder is heavily wounded.
Grinder gestures at you. Pain shoots through your body! Grinder hits you!
You die...
Grinder says, "Now the real fun starts!"

# ###.#. .. #......
#..####.......
#........# ##.
#####.#.##..#
.....#####........#
.?....5@.....###...
..<...##..#### ##
..... #.<## ....
#.## ... ... |.
...## ...### .


You could see Grinder.

Vanquished Creatures
  3 adders
  5 dart slugs
  A bat (D:2)
  6 endoplasms
  A giant cockroach (D:1)
  4 goblins
  3 hobgoblins
  2 jackals (D:1)
  2 kobolds (D:2)
  3 quokkas (D:2)
  2 ball pythons (D:2)
  3 frilled lizards
  7 rats
42 creatures vanquished.

Notes
Turn   | Place    | Note
-------+----------+-------------------------------------------
     0 | D:1      | qw the Gargoyle Hunter began the quest for the Orb.
     0 | D:1      | Reached XP level 1. HP: 12/12 MP: 1/1
     0 | D:1      | 0 ||| qw: Version: 0.3-a-74-g0d5e918
     0 | D:1      | 0 ||| qw: Game counter: 70
     0 | D:1      | 0 ||| qw: Melee chars always use a shield: true
     0 | D:1      | 0 ||| qw: God list: Okawaru
     0 | D:1      | 0 ||| qw: Allow faded altars: false
     0 | D:1      | 0 ||| qw: Do Orc after clearing Dungeon:15 true
     0 | D:1      | 0 ||| qw: Do second Lair branch before Depths: true
     0 | D:1      | 0 ||| qw: Lair rune preference: random
     0 | D:1      | 0 ||| qw: Goals: Normal
     0 | D:1      | 0 ||| PLANNING D:1-11
     3 | D:1      | Noticed an electric eel
     4 | D:1      | Noticed an electric eel
   127 | D:1      | Reached XP level 2. HP: 17/17 MP: 2/2
   673 | D:1      | 673 ||| READING 2 scrolls labelled CAMUJU ESTRU.
   677 | D:1      | 677 ||| READING 2 scrolls labelled ILEDIA YMAAKH.
   678 | D:1      | 678 ||| READING scroll labelled YNAOMUGRIJ.
   679 | D:1      | 679 ||| READING scroll labelled ENUUKU PUNKEBU.
   680 | D:1      | 680 ||| DRINKING 2 cyan potions.
   680 | D:1      | Gained mutation: You are partially covered in iridescent
                  | scales. (AC +2) [potion of mutation]
   681 | D:1      | 681 ||| DRINKING 2 fizzy inky potions.
   685 | D:1      | 685 ||| DROPPING scroll of butterflies.
   686 | D:1      | 686 ||| DROPPING potion of ambrosia.
   713 | D:2      | Identified the -2 kite shield of Tuiss {rCorr}
   755 | D:2      | Reached XP level 3. HP: 21/21 MP: 3/3
   761 | D:2      | Reached skill level 5 in Ranged Weapons
   922 | D:2      | Reached skill level 3 in Fighting
   950 | D:2      | Reached XP level 4. HP: 28/28 MP: 4/4
  1188 | D:2      | Identified the +0 scale mail of the Land of Plenty {rElec}
  1384 | D:2      | Found a faded altar of an unknown god.
  1472 | D:2      | 1472 ||| READING scroll labelled HUEFFEK TEI.
  1473 | D:2      | 1473 ||| READING 2 scrolls labelled YLYCOE ICVUPIA.
  1474 | D:2      | 1474 ||| READING scroll labelled APUIGIPN DAMISS.
  1475 | D:2      | 1475 ||| DRINKING 2 lumpy orange potions.
  1476 | D:2      | 1476 ||| DROPPING scroll of noise.
  1477 | D:2      | 1477 ||| DROPPING potion of degeneration.
  1517 | D:3      | 1517 ||| PLANNING SEWER
  1528 | D:3      | Noticed Grinder
  1552 | D:3      | 1552 ||| FLEEEEING.
  1553 | D:3      | 1553 ||| FLEEEEING.
  1554 | D:3      | 1554 ||| STAIRDANCE
  1627 | D:2      | 1627 ||| UPGRADING to +0 cloak.
  1636 | D:3      | Paralysed by Grinder for 3 turns
  1643 | D:3      | Paralysed by Grinder for 2 turns
  1648 | D:3      | Paralysed by Grinder for 4 turns
  1653 | D:3      | Paralysed by Grinder for 4 turns
  1660 | D:3      | HP: 4/28 [Grinder/nerve-wracking pain (5)]
  1660 | D:3      | Slain by Grinder

Levels and vault maps discovered:
D:1:      arrival_aquarium_b, layout_loops_ring
D:2:      layout_basic, chequers_ecumenical_altar_grove, serial_forest,
          infiniplex_forest_lined_room_2, infiniplex_forest_clump_curved,
          infiniplex_forest_clump_diagonal, infiniplex_forest_clump_medium,
          infiniplex_forest_lined_room_, infiniplex_forest_straight_5,
          infiniplex_forest_lined_corner, infiniplex_forest_end_2
D:3:      layout_rooms, cheibrodos_sewer_entry_sluice, serial_shops, shop, shop,
          gammafunk_ghost_cemetery, uniq_grinder, uniq_ijyb

Skill      XL: |  1  2  3 |
---------------+----------+-----
Ranged Weapons | 5 |  5.4
Fighting       | 3 |  3.0
Dodging        | |  1.5
Stealth        | |  1.1

Action                     |  1- 3 |  4- 6 || total
---------------------------+-------+-------++-------
   Fire: Shortbow          |    83 |    72 ||   155
    Use: Scroll            |     4 |     3 ||     7
         Potion            |     2 |     1 ||     3
 Armour: Leather armour    |     8 |    13 ||    21
  Dodge: Dodged            |     9 |    19 ||    28

Table legend:
 A = Non-vault XP
 B = Vault XP
 C = Vault XP percentage of total XP
 D = Non-vault monster count
 E = Vault monster count
 F = Vault count percentage of total count
                 A         B        C        D         E       F
            +---------+---------+-------+---------+---------+-------
      Total |     116 |       0 |   0.0 |      42 |       0 |   0.0
            +---------+---------+-------+---------+---------+-------
        D:1 |      29 |       0 |   0.0 |      16 |       0 |   0.0
        D:2 |      73 |       0 |   0.0 |      25 |       0 |   0.0
        D:3 |      14 |       0 |   0.0 |       1 |       0 |   0.0
            +---------+---------+-------+---------+---------+-------
